 Dungeon Crawl Stone Soup version 0.29.1-1-gd02db6906a (webtiles) character file.

Game seed: 414102641027150420

85 LustLizard the Trooper (level 4, -1/35 HPs)
             Began as a Demonspawn Fighter on Oct 4, 2022.
             Slain by a gnoll
             ... wielding a +0 spear
              (6 damage)
             ... on level 2 of the Dungeon.
             The game lasted 00:04:00 (1615 turns).

LustLizard the Trooper (Demonspawn Fighter)         Turns: 1615, Time: 00:04:00

Health: -1/35      AC:  6    Str: 16    XL:     4   Next: 25%
Magic:  4/4        EV:  8    Int: 10    God:
Gold:   102        SH:  5    Dex: 14    Spells: 3/3 levels left

rFire   . . .      SeeInvis .   a - +0 long sword
rCold   . . .      Faith    .   c - +0 buckler
rNeg    . . .      Spirit   .   b - +0 scale mail
rPois   .          Reflect  .   (no helmet)
rElec   .          Harm     .   (no cloak)
rCorr   .          Rampage  .   (no gloves)
Will    .....                   (no boots)
Stlth   ..........              (no amulet)
HPRegen 0.11/turn               (no ring)
MPRegen 0.09/turn               (no ring)

@: no status effects
A: demonic touch 2
a: no special abilities


You were on level 2 of the Dungeon.
You visited 1 branch of the dungeon, and saw 2 of its levels.

You collected 102 gold pieces.

Inventory:

Hand Weapons
 a - a +0 long sword (weapon)
Armour
 b - a +0 scale mail (worn)
 c - a +0 buckler (worn)
Scrolls
 e - a scroll of vulnerability {unknown}
 f - a scroll of blinking {unknown}
 g - a scroll of poison {unknown}
Potions
 d - a potion of might


   Skills:
 + Level 3.5 Fighting
 * Level 2.9 Long Blades
 + Level 3.1 Armour
 + Level 3.1 Shields


You had 3 spell levels left.
You didn't know any spells.
Your spell library was empty.

Dungeon Overview and Level Annotations

Branches:
Dungeon (2/15)

Altars:


Innate Abilities, Weirdness & Mutations

Your touch may inflict irresistible damage on your foes.


Message History

A gnoll is nearby! 3 gnolls come into view.
The gnoll shouts! x2
The gnoll hits you with a +0 spear.
The gnoll hits you from afar with a +0 spear.
You closely miss the gnoll. You block the gnoll's attack.
The gnoll barely misses you.
The gnoll hits you from afar with a +0 spear.
The gnoll hits you with a +0 club. The gnoll hits you with a +0 spear.
The gnoll hits you but does no damage. The gnoll attacks as you move away!
The gnoll hits you but does no damage. The gnoll barely misses you.
You block the gnoll's attack. The gnoll attacks as you move away!
The gnoll hits you with a +0 club.
The gnoll hits you from afar with a +0 spear.
You block the gnoll's attack. x2
The gnoll attacks as you move away! The gnoll hits you with a +0 club.
* * * LOW HITPOINT WARNING * * *
The gnoll attacks as you move away! The gnoll hits you with a +0 club.
* * * LOW HITPOINT WARNING * * *
You slash the gnoll!
The gnoll is severely wounded.
The gnoll barely misses you. The gnoll hits you but does no damage.
The gnoll hits you with a +0 club.
* * * LOW HITPOINT WARNING * * *
You slash the gnoll!
You kill the gnoll!
Found 3 stones. 3 jackals come into view.
The jackal barks! x3
A jackal comes into view.
The jackal barks!
The jackal bites you but does no damage.
The jackal bites you.
* * * LOW HITPOINT WARNING * * *
You closely miss the jackal.
The jackal bites you but does no damage.
You slash the jackal!
You kill the jackal!
The gnoll hits you from afar with a +0 spear.
You die...

.....#......... ..
#.###.#.#.######## #.#
#.#............... #.# #.
#.##†.#.#.######## #.# #.
#h##..#.#.# . #.# #. #.##..#.#.#
.# #.# #. #h##..#....
..####.####.# #h##..###.###### #
#.#g)g......###@#............#.#
#.#.##.#####....##..###.#..# #.#
#.g.##.#####.g..##.#.......# #.#
#...##.g...gg...##.#.#.....# #.#
#.#g########(..###.#.##..###.#.#
##.#.....# #...# #.#.[..<....#.#
.........# ##### #.####.######.#
####.....### #..............
#.......########..###.######.#


You could see 3 gnolls and 3 jackals.

Vanquished Creatures
  Jessica (D:2)
  A gnoll (D:2)
  2 adders (D:2)
  A dart slug (D:1)
  5 ball pythons
  3 bats
  An endoplasm (D:2)
  4 goblins (D:1)
  2 hobgoblins (D:1)
  5 jackals
  2 quokkas
  2 kobolds (D:1)
  2 rats
31 creatures vanquished.

Notes
Turn   | Place    | Note
-------+----------+-------------------------------------------
     0 | D:1      | LustLizard the Demonspawn Fighter began the quest for the
                  | Orb.
     0 | D:1      | Reached XP level 1. HP: 18/18 MP: 1/1
   204 | D:1      | Gained mutation: Your touch may inflict minor irresistible
                  | damage on your foes. [demonic ancestry]
   204 | D:1      | Reached XP level 2. HP: 22/24 MP: 2/2
   235 | D:1      | Found a faded altar of an unknown god.
   843 | D:2      | Reached XP level 3. HP: 24/29 MP: 3/3
  1193 | D:2      | Noticed Jessica
  1197 | D:2      | Killed Jessica
  1217 | D:2      | Gained mutation: Your touch may inflict irresistible damage
                  | on your foes. [demonic ancestry]
  1217 | D:2      | Reached XP level 4. HP: 34/35 MP: 4/4
  1615 | D:2      | Slain by a gnoll

Illustrated notes

Levels and vault maps discovered:
D:1:      tarquinn_simple_flora_water_f, layout_loops_ring,
          hellmonk_ecumenical_altar_blasted
D:2:      layout_basic, uniq_jessica

Skill      XL: |  1  2 |
---------------+-------+-----
Long Blades    | 2 |  2.9
Armour         | 3 |  3.1
Shields        | 3 |  3.1
Fighting       | |  3.5

Action                   |  1- 3 |  4- 6 || total
-------------------------+-------+-------++-------
Melee: Long sword        |   100 |    40 ||   140
Armor: Scale mail        |    57 |    27 ||    84
Dodge: Dodged            |    29 |    20 ||    49
Block: Buckler           |    36 |    14 ||    50
